 Dungeon Crawl Stone Soup version 0.30-a0-760-g5a9884bb7c (webtiles) character file.

Game seed: 16551623577851855331

137265 Flugkiller the Stormcaller (level 16, 0/126 HPs)
             Began as a Demigod Air Elementalist on Feb 11, 2023.
             Killed by an exploding ball lightning (19 damage)
             ... on level 3 of the Swamp.
             The game lasted 00:57:15 (32446 turns).

Flugkiller the Stormcaller (DgAE)                  Turns: 32446, Time: 00:57:16

Health: 0/126      AC: 18    Str:  9    XL:     16   Next: 18%
Magic:  23/37      EV: 15    Int: 49    God:
Gold:   2271       SH:  0    Dex: 14    Spells: 4/39 levels left

rFire   . . .      SeeInvis .    F - staff of air
rCold   . . .      Faith    .    (no shield)
rNeg    . . .      Spirit   .    k - +3 leather armour {rPois}
rPois   +          Reflect  .    e - +2 helmet
rElec   +          Harm     .    m - +2 cloak
rCorr   .          Rampage  .    T - +2 pair of gloves
Will    +....                    s - +2 pair of boots
Stlth   ++                       g - amulet of magic regeneration
HPRegen 0.41/turn                P - +6 ring of intelligence
MPRegen 0.65/turn                a - +6 ring of intelligence

@: no status effects
A: high MP 1, forlorn, divine attributes
a: no special abilities


You were on level 3 of the Swamp.
You visited 4 branches of the dungeon, and saw 25 of its levels.
You also visited: Ossuary and Gauntlet.

You collected 2380 gold pieces.
You spent 109 gold pieces at shops.

Inventory:

Missiles
 v - a throwing net
 x - 7 curare-tipped darts
Armour
 e - a +2 helmet (worn)
   (You took it off Robin on level 1 of the Dungeon)
 k - a +3 leather armour of poison resistance (worn)
   (You took it off Eustachio on level 5 of the Dungeon)
 m - a +2 cloak (worn)
   (You found it on level 6 of the Dungeon)
 s - a +2 pair of boots (worn)
   (You found it on level 3 of the Dungeon)
 T - a +2 pair of gloves (worn)
   (You found it on level 3 of the Lair of Beasts)
Magical Staves
 F - a staff of air (weapon)
   (You acquired it on level 5 of the Lair of Beasts)
Jewellery
 a - a +6 ring of intelligence (right hand)
   (You took it off an orc on level 8 of the Dungeon)
 f - a ring of protection from fire
   (You found it on level 3 of the Dungeon)
 g - an amulet of magic regeneration (around neck)
   (You found it on level 3 of the Dungeon)
 p - a ring of protection from fire
   (You found it on level 2 of the Dungeon)
 z - the ring of Leaves {Fly Dex+6}
   (You found it on level 5 of the Lair of Beasts)

   [ring of flight]

   Dex:       It affects your dexterity (+6).
   Fly:       It grants you flight.
 B - a ring of wizardry
   (You found it in a Gauntlet)
 P - a +6 ring of intelligence (left hand)
   (You found it in a Gauntlet)
 V - a +4 ring of protection
   (You took it off a minotaur in a Gauntlet)
Wands
 u - a wand of polymorph (9)
   (You found it on level 8 of the Dungeon)
 D - a wand of paralysis (25)
   (You found it on level 10 of the Dungeon)
 J - a wand of mindburst (25)
   (You found it on level 7 of the Dungeon)
 L - a wand of acid (9)
   (You found it on level 7 of the Dungeon)
 R - a wand of iceblast (17)
   (You took it off Maggie on level 1 of the Lair of Beasts)
 S - a wand of digging (12)
   (You found it on level 2 of the Lair of Beasts)
 Y - a wand of flame (9)
   (You found it on level 15 of the Dungeon)
Scrolls
 c - 2 scrolls of silence
 j - 3 scrolls of vulnerability
 l - 5 scrolls of poison
 r - 2 scrolls of identify
 t - 5 scrolls of teleportation
 w - a scroll of summoning {unknown}
 y - 6 scrolls of fog
 E - 3 scrolls of torment
 G - 10 scrolls of immolation
 N - a scroll of enchant armour
 O - a scroll of amnesia
 W - a scroll of magic mapping
 Z - a scroll of fear
Potions
 b - 3 potions of lignification
 d - 7 potions of might
 h - 6 potions of haste
 i - 5 potions of cancellation
 n - a potion of resistance
 o - 7 potions of ambrosia
 q - 14 potions of curing
 A - 3 potions of berserk rage
 C - a potion of invisibility
 H - 3 potions of flight
 I - 4 potions of attraction
 K - 4 potions of mutation
 Q - 2 potions of magic
 U - 5 potions of brilliance
Miscellaneous
 X - a condenser vane
   (You found it on level 14 of the Dungeon)


   Skills:
 - Level 7.0 Fighting
 - Level 8.0 Dodging
 - Level 1.7 Stealth
 - Level 12.0 Spellcasting
 + Level 11.9 Conjurations
 - Level 5.0 Summonings
 + Level 3.3 Transmutations
 - Level 18.0 Air Magic
 - Level 7.0 Evocations


You had 4 spell levels left.
You knew the following spells:

 Your Spells              Type           Power      Damage    Failure   Level
a - Shock                 Conj/Air       100%       1d9       0%          1
b - Static Discharge      Conj/Air       100%       2-7/arc   0%          2
c - Airstrike             Air            71%        2d(11-27) 0%          4
d - Summon Lightning Spi  Summ/Air       100%       N/A       1%          4
e - Maxwell's Capacitive  Air            71%        ∞         4%          8
f - Storm Form            Tmut/Air       58%        N/A       12%         7
g - Conjure Ball Lightni  Conj/Air       66%        3x3d25    1%          6
w - Swiftness             Air            100%       N/A       0%          3

Your spell library contained the following spells:

 Spells                   Type           Power      Damage    Failure   Level
 Slow                     Hex            100%       N/A       1%          1
 Summon Small Mammal      Summ           100%       N/A       1%          1
 Blink                    Tloc           58%        N/A       1%          2
 Cigotuvi's Dreadful Rot  Necr/Pois/Air  100%       N/A       1%          2
 Lesser Beckoning         Tloc           58%        N/A       1%          2
 Momentum Strike          Conj/Tloc      100%       3d10      1%          2
 Poisonous Vapours        Pois/Air       100%       N/A       1%          2
 Scorch                   Fire           58%        2d7       1%          2
 Sublimation of Blood     Necr           29%        N/A       1%          2
 Wereblood                Tmut           58%        N/A       1%          2
 Call Canine Familiar     Summ           68%        N/A       1%          3
 Mephitic Cloud           Conj/Pois/Air  100%       N/A       1%          3
 Summon Guardian Golem    Hex/Summ       52%        N/A       1%          3
 Flame Wave               Conj/Fire      73%        2d16      1%          4
 Confusing Touch          Hex            29%        N/A       3%          3
 Gell's Gravitas          Tloc           29%        N/A       3%          3
 Ozocubu's Armour         Ice            29%        N/A       3%          3
 Teleport Other           Tloc           29%        N/A       3%          3
 Vampiric Draining        Necr           29%        2d8       3%          3
 Leda's Liquefaction      Hex/Erth       14%        N/A       11%         4
 Summon Cactus Giant      Summ           34%        N/A       22%         6
 Lee's Rapid Deconstruct  Erth           14%        3d9*      30%         5
 Metabolic Englaciation   Hex/Ice        14%        N/A       30%         5
 Statue Form              Tmut/Erth      30%        N/A       65%         6
 Summon Hydra             Summ           34%        N/A       75%         7
 Simulacrum               Ice/Necr       14%        N/A       86%         6
 Discord                  Hex            14%        N/A       100%        8
 Disjunction              Tloc           14%        N/A       100%        8


Dungeon Overview and Level Annotations

Branches:
Dungeon (15/15) Zot: 25092  Temple (0/1) D:5            Lair (5/5) D:10 Zot: 20628
  Swamp (3/4) Lair:2 Zot: 15949  Spider (0/4) Lair:3        Slime (0/5) Lair:5
    Orc (2/2) D:12 Zot: 10200     Elf (0/3) Orc:2        Vaults (0/5) D:14
 Depths (0/4) D:15        Ossuary (visited)         Gauntlet (visited)

Shops:
D:3 *   D:13 :   Orc:2 (*[[

Annotations:
Lair:4 2 transporters, Ikikoito's ghost, journeyman TrFi


Innate Abilities, Weirdness & Mutations

You have an increased reservoir of magic. (+10% MP)
You shall have no god before yourself.
Your divine heritage dramatically boosts your attributes as you level up.


Message History

The blast of lightning engulfs your ball lightning.
Your ball lightning completely resists.
The spectral spriggan berserker fades away! x2
You feel a bit more experienced.
You hear a shout! x3
A spriggan rider comes into view. It is wielding a +0 spear.
A spriggan rider is nearby!
Casting: Conjure Ball Lightning (mildly dangerous; 1% risk of failure)
Confirm with . or Enter, or press ? or * to list all spells.
You feel a surge of power!
You create some ball lightning! 3 ball lightnings come into view.
A swamp worm comes into view.
A spriggan rider comes into view. It is wielding a +0 spear.
Your ball lightning explodes!
The blast of lightning engulfs the spriggan rider!!
The spriggan rider is moderately wounded.
The blast of lightning engulfs your ball lightning.
Your ball lightning completely resists.
The blast of lightning engulfs you! You resist.
The blast of lightning engulfs the spriggan rider!!
The spriggan rider is heavily wounded.
Your ball lightning is engulfed in spectral mist.
You hear a shout! x2
Your ball lightning explodes!
The blast of lightning engulfs the spriggan rider!!!
You kill the spriggan rider!
You kill the hornet!
You hear a splash.
The blast of lightning engulfs your ball lightning.
Your ball lightning completely resists.
Your ball lightning is heavily damaged.
Something hits your ball lightning.
Your ball lightning is splashed with acid!
The acid corrodes your ball lightning!
Your ball lightning explodes!
A spriggan rider comes into view. It is wielding a +0 spear.
Your Transmutations skill increases to level 3!
You enter the shallow water.
Moving in this stuff is going to be slow.
A bloated husk comes into view.
Casting: Conjure Ball Lightning (mildly dangerous; 1% risk of failure)
Confirm with . or Enter, or press ? or * to list all spells.
You feel a surge of power!
You create some ball lightning! 3 ball lightnings come into view.
A spriggan rider comes into view. It is wielding a +0 spear.
The spriggan rider hits you from afar with a +0 spear.
A goliath frog comes into view.
You swap places.
Your ball lightning explodes!
The blast of lightning engulfs the spriggan rider!!
The spriggan rider is almost dead.
The blast of lightning engulfs your ball lightning.
Your ball lightning completely resists.
The blast of lightning engulfs your ball lightning.
Your ball lightning completely resists.
The blast of lightning engulfs you! You resist.
Your ball lightning explodes!
The blast of lightning engulfs you!! You resist.
The blast of lightning engulfs the spriggan rider!!
You kill the spriggan rider!
You kill the hornet!
You hear a splash.
The blast of lightning engulfs your ball lightning.
Your ball lightning completely resists.
Your ball lightning explodes!
The blast of lightning engulfs the spriggan rider!!
The spriggan rider is moderately wounded.
The blast of lightning engulfs the bloated husk!!
The bloated husk is almost destroyed.
The blast of lightning engulfs you! You resist.
The spriggan rider barely misses you.
Casting: Conjure Ball Lightning (mildly dangerous; 1% risk of failure)
Confirm with . or Enter, or press ? or * to list all spells.
You feel a surge of power!
You create some ball lightning! 3 ball lightnings come into view.
The spriggan rider hits you from afar with a +0 spear.
Unknown command.
Your ball lightning explodes!
The blast of lightning engulfs the spriggan rider!
The spriggan rider is heavily wounded.
The blast of lightning engulfs the bloated husk!!
The blast of lightning engulfs the spriggan rider!!
The spriggan rider is heavily wounded.
The blast of lightning engulfs your ball lightning.
Your ball lightning completely resists.
The blast of lightning engulfs you! You resist.
The blast of lightning engulfs the goliath frog!!!
You kill the goliath frog!
The blast of lightning engulfs the swamp worm!!
The swamp worm is severely wounded.
The blast of lightning engulfs your ball lightning.
Your ball lightning completely resists.
The bloated husk explodes!
The blast of putrescent gases engulfs the spriggan rider!!!
The spriggan rider dies!
The hornet dies!
You hear a splash.
The blast of putrescent gases engulfs the spriggan rider!!
The blast of putrescent gases engulfs your ball lightning!!
The blast of putrescent gases engulfs you!!
* * * LOW HITPOINT WARNING * * *
Your ball lightning explodes!
The blast of lightning engulfs you!! You resist.
You die...

♣♣♣♣♣♣ ♣.<~.♣
♣.~~.♣♣ ♣~~..~♣
♣.§~*♣♣
♣♣♣~@.♣♣♣ ♣
♣.~~.~♣
~~♣♣♣♣~~~§.♣♣
~~~...)i~~~.♣♣♣
~~~~~...§~~..~♣
~~~~~w....~~.~♣
~~~~~~~.^.♣♣♣♣♣
~~~~~§~...♣ ..♣
~~~)~~~..>♣♣~~♣♣


You could see a spriggan rider (unaware), a swamp worm and a friendly ball
lightning.

Vanquished Creatures
  Jorgrun (Swamp:1)
  Rupert (D:13)
  3 eleionomae
  A bunyip (Swamp:1)
  A minotaur (Gauntlet)
  An ettin (Orc:2)
  2 hydras
  2 ogre magi (Orc:2)
  3 catoblepae
  4 centaur warriors
  4 ghost crabs
  4 boulder beetles
  2 tengu warriors
  9 two-headed ogres
  A deep troll shaman (Lair:5)
  3 alligators
  5 death yaks
  Urug (Lair:4)
  An orc high priest (Orc:2)
  Sonja (D:13)
  2 goliath frogs
  8 skeletal warriors
  5 skysharks
  3 bog bodies
  A deep elf archer (D:14)
  2 deep trolls (Orc:2)
  3 orc knights
  Pikel (D:4)
  3 deep elf pyromancers
  2 deep elf zephyrmancers (D:14)
  22 ugly things
  3 orc sorcerers (Orc:2)
  2 manticores
  A wolf spider (D:15)
  4 cyclopes
  2 will-o-the-wisps
  11 elephants
  2 black mambas
  4 torpor snails
  A water nymph (shapeshifter) (D:15)
  4 gargoyles
  A molten gargoyle (Gauntlet)
  13 cane toads
  2 minotaur zombies (Gauntlet)
  2 smoke demons (Gauntlet)
  Maggie (Lair:1)
  4 centaur skeletons (D:14)
  2 tengu conjurers (D:14)
  7 komodo dragons
  2 kobold demonologists (D:5)
  2 efreet
  A freezing wraith (D:15)
  2 yaktaurs (D:14)
  15 trolls
  A bloated husk (Swamp:3)
  9 hornets
  2 polar bears
  A meliai (shapeshifter) (D:15)
  2 red devils (Gauntlet)
  4 tyrant leeches
  Prince Ribbit (D:5)
  6 dream sheep
  2 centaur simulacra (D:15)
  21 slime creatures
  A vampire (D:12)
  2 jumping spiders (Lair:3)
  9 spriggans
  Eustachio (D:5)
  A shadow (D:9)
  3 wyverns
  A culicivora (Lair:3)
  3 water elementals (D:12)
  3 wraiths
  17 yaks
  4 hogs (D:7)
  A human (D:7)
  3 basilisks
  2 steam dragons
  6 vampire mosquitoes
  7 swamp worms
  Edmund (D:6)
  2 wargs (Orc:2)
  2 acid dragons (D:12)
  6 water moccasins
  Duvessa (D:4)
  A sky beast (D:7)
  3 ice beasts
  13 orc warriors
  3 swamp drakes (Swamp:2)
  4 black bears
  8 centaurs
  22 ogres
  4 wolves
  3 lemures (D:4)
  A phantom (D:3)
  2 kobold brigands
  4 bullfrogs
  An elf zombie (Ossuary)
  A necrophage (D:8)
  2 gnoll sergeants
  4 scorpions
  5 wights (D:6)
  Dowan (D:4)
  2 electric eels (D:12)
  6 howler monkeys
  6 crimson imps (Gauntlet)
  2 centaur zombies (Ossuary)
  3 human zombies (Ossuary)
  6 jellies
  12 orc priests
  3 hounds
  Terence (D:2)
  3 iguanas
  15 orc wizards
  A hound zombie (Ossuary)
  3 mummies (Ossuary)
  Robin (D:1)
  14 gnolls
  2 adders
  2 shadow imps
  A white imp (D:6)
  2 adder zombies (Ossuary)
  A worm (D:2)
  A dart slug (D:2)
  56 orcs
  8 ball pythons
  10 endoplasms
  2 giant cockroaches (D:4)
  A gnoll zombie (Ossuary)
  15 goblins
  10 hobgoblins
  A jackal (D:4)
  4 quokkas
  A bat (D:3)
  2 frilled lizards (D:1)
  5 goblin zombies (Ossuary)
  4 hobgoblin zombies (Ossuary)
  4 jackal zombies (Ossuary)
  19 kobolds
  3 orc zombies (Ossuary)
  3 quokka zombies (Ossuary)
  7 rats
  3 rat zombies (Ossuary)
  A butterfly (Lair:5)
643 creatures vanquished.

Vanquished Creatures (collateral kills)
  2 hydras
  2 catoblepae
  A boulder beetle (D:11)
  2 two-headed ogres
  2 death yaks
  Nergalle (D:10)
  2 skeletal warriors (D:12)
  An ugly thing (D:12)
  9 elephants
  A cyclops (D:9)
  A black mamba (Lair:2)
  11 cane toads
  4 komodo dragons
  A rime drake (Lair:1)
  A troll (D:12)
  6 polar bears
  10 dream sheep
  4 slime creatures (D:12)
  34 yaks
  A wyvern (Lair:3)
  3 culicivoras (Lair:3)
  A shadow (D:12)
  A basilisk (Lair:1)
  2 redbacks (Lair:3)
  A steam dragon (D:9)
  An acid dragon (D:10)
  7 water moccasins
  2 black bears (Lair:3)
  5 wolves
  A kobold brigand (D:9)
  5 bullfrogs
  8 jellies (Lair:5)
  2 orc wizards
  5 orcs
  2 kobolds (D:9)
  21 ball lightnings
163 creatures vanquished.

Vanquished Creatures (others)
  A spriggan (Swamp:3)
  A hornet (Swamp:3)
  3 bloated husks (Swamp:1)
  A vampire mosquito (Swamp:1)
  297 ball lightnings
  4 foxfires
  53 fungi
  81 plants
  23 withered plants (Gauntlet)
464 creatures vanquished.

Grand Total: 1270 creatures vanquished

Notes
Turn   | Place    | Note
-------+----------+-------------------------------------------
     0 | D:1      | Flugkiller the Demigod Air Elementalist began the quest for
                  | the Orb.
     0 | D:1      | Reached XP level 1. HP: 14/14 MP: 5/5
   316 | D:1      | Reached XP level 2. HP: 22/22 MP: 4/7
   398 | D:1      | Reached skill level 1 in Fighting
   453 | D:1      | Reached skill level 3 in Air Magic
   901 | D:2      | Noticed Terence
   915 | D:2      | Learned a level 2 spell: Static Discharge
  1153 | D:2      | Killed Terence
  1154 | D:2      | Reached XP level 3. HP: 28/28 MP: 1/9
  1716 | D:2      | Noticed Robin
  1937 | D:1      | Killed Robin
  2023 | D:2      | Reached XP level 4. HP: 35/35 MP: 6/11
  2362 | D:3      | Learned a level 3 spell: Swiftness
  2472 | D:3      | Noticed a phantom
  2498 | D:3      | Killed a phantom
  2499 | D:3      | Reached skill level 4 in Air Magic
  2499 | D:3      | Reached XP level 5. HP: 37/40 MP: 6/12
  2768 | D:3      | Found Deisiudu's Assorted Antiques.
  2778 | D:3      | Bought a scroll labelled NOETISKUDWU for 28 gold pieces
  2778 | D:3      | Bought 2 scrolls labelled XAC DUAQAN for 56 gold pieces
  2778 | D:3      | Bought an inky potion for 25 gold pieces
  3007 | D:4      | Noticed Duvessa
  3031 | D:4      | Killed Duvessa
  3032 | D:4      | Reached skill level 5 in Air Magic
  3197 | D:4      | Reached XP level 6. HP: 40/47 MP: 11/13
  3210 | D:4      | Reached skill level 6 in Air Magic
  3406 | D:4      | Noticed Pikel
  3429 | D:4      | Killed Pikel
  3430 | D:4      | Reached skill level 8 in Air Magic
  3430 | D:4      | Reached XP level 7. HP: 5/55 MP: 3/14
  3680 | D:4      | You fall into a shaft and drop 3 floors!
  3974 | D:6      | Reached XP level 8. HP: 66/66 MP: 13/15
  3979 | D:6      | Learned a level 4 spell: Airstrike
  4069 | D:5      | Entered Level 5 of the Dungeon
  4078 | D:5      | Reached skill level 1 in Conjurations
  4096 | D:5      | Noticed Eustachio
  4099 | D:5      | Found a sand-covered staircase.
  4113 | D:5      | Killed Eustachio
  4198 | Ossuary  | Entered an ossuary
  4483 | Ossuary  | Reached skill level 5 in Spellcasting
  4640 | D:5      | Noticed a kobold demonologist
  4640 | D:5      | Noticed a kobold demonologist
  4641 | D:5      | Noticed Prince Ribbit
  4646 | D:5      | Noticed an orange demon
  4647 | D:5      | Noticed a red devil
  4954 | D:4      | Noticed Dowan
  4958 | D:4      | Killed Dowan
  5387 | D:5      | Killed a kobold demonologist
  5429 | D:5      | Killed Prince Ribbit
  5446 | D:5      | Killed a kobold demonologist
  5447 | D:5      | Reached XP level 9. HP: 71/71 MP: 9/20
  5558 | D:5      | Reached skill level 9 in Air Magic
  5695 | D:5      | Found a staircase to the Ecumenical Temple.
  6363 | D:6      | Reached skill level 5 in Dodging
  6378 | D:6      | Noticed Edmund
  6395 | D:6      | Killed Edmund
  6534 | D:6      | Reached skill level 10 in Air Magic
  6613 | D:6      | Learned a level 4 spell: Summon Lightning Spire
  6809 | D:7      | Reached skill level 1 in Summonings
  7789 | D:7      | Reached XP level 10. HP: 66/78 MP: 16/21
  8117 | D:8      | Reached skill level 11 in Air Magic
  8579 | D:8      | Reached skill level 5 in Summonings
  8821 | D:9      | Reached skill level 5 in Fighting
  9120 | D:9      | Noticed a cyclops
  9121 | D:9      | Noticed a white ugly thing
  9122 | D:9      | Noticed a two-headed ogre
  9145 | D:9      | Killed a two-headed ogre
  9200 | D:9      | Killed a cyclops
  9453 | D:9      | Killed a white ugly thing
  9553 | D:9      | Reached skill level 12 in Air Magic
 10006 | D:9      | Reached XP level 11. HP: 87/89 MP: 15/22
 10104 | D:10     | Entered Level 10 of the Dungeon
 10168 | D:10     | Found a staircase to the Lair.
 10255 | D:10     | Noticed Nergalle
 10264 | D:10     | Killed Nergalle
 10317 | D:10     | Noticed a two-headed ogre
 10339 | D:10     | Killed a two-headed ogre
 10340 | D:10     | Reached skill level 13 in Air Magic
 11249 | D:11     | Identified the +7 trident of Megalomania {speed, Contam Fly
                  | Str+3 Int+4}
 11381 | D:11     | Noticed a boulder beetle
 11736 | D:11     | Reached skill level 14 in Air Magic
 12105 | D:11     | Killed a boulder beetle
 12363 | Lair:1   | Entered Level 1 of the Lair of Beasts
 12378 | Lair:1   | Noticed Maggie
 12380 | Lair:1   | Noticed a catoblepas
 12401 | Lair:1   | Killed Maggie
 12520 | Lair:1   | Reached skill level 1 in Evocations
 12596 | Lair:1   | Killed a catoblepas
 13280 | Lair:1   | Reached skill level 5 in Evocations
 13280 | Lair:1   | Reached XP level 12. HP: 96/96 MP: 9/24
 14905 | Lair:2   | Found a staircase to the Swamp.
 15403 | Lair:3   | Found a hole to the Spider Nest.
 15645 | Lair:3   | Reached skill level 15 in Air Magic
 16001 | Lair:3   | Reached XP level 13. HP: 102/102 MP: 22/29
 16115 | Lair:3   | Learned a level 8 spell: Maxwell's Capacitive Coupling
 17134 | Lair:3   | Reached skill level 16 in Air Magic
 17323 | Lair:4   | Noticed Urug
 17335 | Lair:4   | Killed Urug
 17586 | Lair:4   | Found a transporter.
 17587 | Lair:4   | Found a transporter.
 17587 | Lair:4   | Found the +4 moon troll leather armour {Spirit, Regen++
                  | MP+5}
 17600 | Lair:4   | Noticed Ikikoito's ghost (journeyman TrFi)
 18641 | Lair:5   | Entered Level 5 of the Lair of Beasts
 19646 | Lair:5   | Identified the +3 short sword "Ukaske" {venom, Fragile rN+
                  | Int+2}
 19778 | Lair:5   | Found a staircase to the Slime Pits.
 19853 | Lair:5   | Reached XP level 14. HP: 113/113 MP: 32/32
 20513 | Lair:5   | Identified the ring of Leaves {Fly Dex+6}
 20805 | Lair:5   | Learned a level 7 spell: Storm Form
 20805 | Lair:5   | Identified a scroll of acquirement
 20805 | Lair:5   | Acquired a staff of air
 21380 | D:12     | Found a staircase to the Orcish Mines.
 21438 | D:12     | Reached skill level 10 in Spellcasting
 22254 | D:12     | Learned a level 6 spell: Conjure Ball Lightning
 22310 | D:13     | Noticed Rupert
 22317 | D:13     | Found Lom Voet's Book Shoppe.
 22317 | D:13     | Noticed Sonja
 22320 | D:13     | Killed Sonja
 22862 | D:13     | Killed Rupert
 23212 | D:14     | Found a gate leading to a gauntlet.
 23237 | Gauntlet | Entered a Gauntlet
 23237 | Gauntlet | Found a transporter.
 23237 | Gauntlet | Found a transporter.
 23241 | Gauntlet | Found a transporter.
 23241 | Gauntlet | Found a transporter.
 23251 | Gauntlet | Found a transporter.
 23261 | Gauntlet | Found a transporter.
 23264 | Gauntlet | Found a transporter.
 23285 | Gauntlet | Found a transporter.
 23292 | Gauntlet | Found a transporter.
 23320 | Gauntlet | Found a transporter.
 23342 | Gauntlet | Found a transporter.
 23387 | Gauntlet | Found a transporter.
 23403 | Gauntlet | Found a transporter.
 23416 | Gauntlet | Found a transporter.
 23503 | Gauntlet | Found a transporter.
 23517 | Gauntlet | Found a transporter.
 24035 | Gauntlet | Reached skill level 17 in Air Magic
 25156 | D:14     | Reached XP level 15. HP: 54/118 MP: 31/36
 25770 | D:14     | Reached skill level 5 in Conjurations
 25962 | D:14     | Found a gate to the Vaults.
 26102 | D:15     | Entered Level 15 of the Dungeon
 26864 | D:15     | Reached skill level 18 in Air Magic
 27378 | D:15     | Found a staircase to the Depths.
 27954 | Orc:1    | Entered Level 1 of the Orcish Mines
 28356 | Orc:2    | Entered Level 2 of the Orcish Mines
 29279 | Orc:2    | Found Yrghiepu's General Store.
 29281 | Orc:2    | Found Tooqoll's Armour Shoppe.
 29284 | Orc:2    | Found a runed translucent door.
 29289 | Orc:2    | Found Soyriysi's Antique Weapon Shop.
 29290 | Orc:2    | Found Polika's Armour Boutique.
 29397 | Orc:2    | Found a staircase to the Elven Halls.
 29543 | Orc:2    | Reached skill level 10 in Conjurations
 29865 | Swamp:1  | Entered Level 1 of the Swamp
 30489 | Swamp:1  | Noticed Jorgrun
 30495 | Swamp:1  | Killed Jorgrun
 31213 | Swamp:2  | Reached XP level 16. HP: 56/126 MP: 28/37
 31582 | Swamp:2  | Reached skill level 1 in Transmutations
 32446 | Swamp:3  | Killed by an exploding ball lightning

Illustrated notes

Levels and vault maps discovered:
D:1:      lemuel_arrival_muddy, layout_basic
D:2:      layout_basic, serial_corexii_hall, chequers_hall_statues_corner_a,
          chequers_hall_statues_y, corexii_hall_statues_u,
          corexii_hall_statues_l, uniq_robin, uniq_terence
D:3:      layout_rooms, mainiacjoe_overflow_alcove_2,
          mainiacjoe_overflow_tiny_flanked, serial_shops, nicolae_shop_crystal,
          serial_bayou_crossing
D:4:      layout_basic, minmay_puff, uniq_pikel, uniq_duvessa
D:5:      layout_basic, kennysheep_mini_moat, minmay_temple_entry_nine_rooms,
          enter_ossuary_5, uniq_prince_ribbit1, uniq_eustachio
D:6:      layout_gridville, zin_scriptorium, uniq_edmund
D:7:      layout_gridville, ebering_dispersal_statue_hall, grunt_livestock
D:8:      layout_cave_pools, mainiacjoe_overflow_cross_hatched
D:9:      layout_loops_ring, nicolae_concentric_dashed_squares_wild,
          minmay_checkerbox
D:10:     layout_roguey, lair_entry_dummy, chequers_serial_rivers_marsh,
          dreamdust_princess_bridge, uniq_nergalle
D:11:     layout_loops_ring
D:12:     layout_basic, hiddenorc1_lemuel, uniq_fannar
D:13:     layout_cave_pods, serial_shops, nicolae_diamond_shop,
          nicolae_vehumet_radiance, uniq_sonja, uniq_rupert
D:14:     layout_stronghold, hangedman_vaults_entry_quadrant_bands,
          gauntlet_entry_generic, minmay_misc_feat_tower
D:15:     hangedman_depths_entry_try_elsewhere_first, layout_rooms,
          nicolae_triple_integral, minmay_quadrilaterals
Lair:1:   layout_loops_ring, uniq_maggie
Lair:2:   layout_cave_pods, minmay_swamp_entry_wisps, basic_altar
Lair:3:   layout_cave_pods, nicolae_spider_entry_tight_spaces,
          chequers_serial_rivers_room_a, beast_lair_carwin_4
Lair:4:   layout_regular_city, gammafunk_ghost_hive, lemuel_fruit_fields,
          uniq_urug
Lair:5:   grunt_lair_end_beastmaster, layout_gridlike,
          minmay_slime_entry_jelly_boxes, serial_bayou_pond_c,
          hibernation_bobbens, lemuel_fruit_fields, infiniplex_staircase_pool_2
Swamp:1:  layout_basic_swamp, nicolae_swamp_round_clearing, uniq_jorgrun
Swamp:2:  layout_falls_marsh, nicolae_swamp_trees_clearing, swamp_pool5,
          lemuel_altar_in_water
Swamp:3:  layout_basic_swamp, hangedman_swamp_blocks, uniq_louise
Orc:1:    layout_caves, trog_butcher_becter
Orc:2:    st_orc_open, layout_diamond_mine, lightli_church_of_beogh

Skill      XL: |  1  2  3  4  5  6  7  8  9 10 11 12 13 14 15 16 |
---------------+-------------------------------------------------+-----
Spellcasting   | 2 3 5 8 9 12 | 12.0
Fighting       | 1 2 4 6 7 |  7.0
Air Magic      | 3 4 5 8 10 12 14 15 16 17 18 | 18.0
Conjurations   | 2 4 11 | 11.9
Dodging        | 4 5 7 8 |  8.0
Summonings     | 3 5 |  5.0
Evocations     | 5 7 |  7.0
Transmutations | 3 |  3.3
Stealth        | |  1.7

Action                     |  1- 3 |  4- 6 |  7- 9 | 10-12 | 13-15 | 16-18 || total
---------------------------+-------+-------+-------+-------+-------+-------++-------
  Melee: Unarmed           |     8 |       |       |       |     9 |     4 ||    21
         Punch             |     1 |       |       |     3 |     1 |       ||     5
         Short sword       |    10 |       |       |       |       |       ||    10
         Mace              |       |     4 |       |       |       |       ||     4
         Rapier            |       |     1 |    98 |     5 |       |       ||   104
         Eveningstar       |       |       |       |    88 |    28 |       ||   116
         Staff             |       |       |       |       |    36 |       ||    36
   Cast: Shock             |   113 |    96 |   266 |   188 |   185 |       ||   848
         Static Discharge  |       |     5 |    12 |    20 |    28 |       ||    65
         Airstrike         |       |       |    30 |   115 |   145 |       ||   290
         Summon Lightning  |       |       |       |    69 |    85 |       ||   154
         Swiftness         |       |       |       |     1 |     2 |       ||     3
         Conjure Ball Ligh |       |       |       |       |   141 |    20 ||   161
         Maxwell's Capacit |       |       |       |       |    13 |       ||    13
         Storm Form        |       |       |       |       |     3 |     1 ||     4
  Evoke: Wand              |       |       |       |     1 |     5 |       ||     6
    Use: Potion            |     1 |     1 |       |     2 |     1 |     3 ||     8
         Scroll            |     7 |     4 |     7 |    18 |    12 |     1 ||    49
   Stab: Distracted        |       |       |       |     2 |       |       ||     2
         Sleeping          |       |       |       |       |     2 |       ||     2
 Armour: Robe              |     7 |     2 |     1 |       |       |       ||    10
         Leather armour    |       |       |    76 |   139 |   117 |     6 ||   338
         Skin              |       |       |       |       |     6 |     1 ||     7
  Dodge: Dodged            |    25 |    10 |   137 |   210 |   202 |    14 ||   598

Table legend: (Time is in decaauts)
 A = Elapsed time spent in this place.
 B = Non-inter-level travel time spent in this place.
 C = Inter-level travel time spent in this place.
 D = Time resting spent in this place.
 E = Time spent auto-exploring this place.
 F = Levels seen in this place.
 G = Mean time per level.
                   A        B        C        D        E       F      G
               +--------+--------+--------+--------+--------+-----+--------+
         Total |  32733 |  31271 |   1462 |  11263 |  13743 |  27 | 1212.3 |
       Dungeon |  18115 |  17124 |    991 |   5810 |   8126 |  15 | 1207.7 |
          Lair |   9371 |   9027 |    344 |   3813 |   3536 |   5 | 1874.2 |
         Swamp |   2049 |   1997 |     52 |    810 |    850 |   3 |  683.0 |
  Orcish Mines |   1799 |   1725 |     74 |    397 |    803 |   2 |  899.5 |
       Ossuary |    338 |    338 |      0 |     10 |    139 |   1 |  338.0 |
      Gauntlet |   1058 |   1058 |      0 |    423 |    289 |   1 | 1058.0 |
               +--------+--------+--------+--------+--------+-----+--------+

Top non-repeatable levels by time:
    D:14: 2451 daAuts
  Lair:5: 2213 daAuts
  Lair:3: 2109 daAuts
  Lair:2: 1904 daAuts
  Lair:1: 1851 daAuts
     D:4: 1514 daAuts
   Orc:2: 1384 daAuts
    D:11: 1350 daAuts
 Swamp:1: 1317 daAuts
  Lair:4: 1292 daAuts
     D:7: 1261 daAuts
     D:9: 1229 daAuts
    D:12: 1196 daAuts
     D:2: 1167 daAuts
    D:10: 1105 daAuts
